 Dungeon Crawl Stone Soup version 0.31.0-9-g3a7656b989 (webtiles) character file.

Game seed: 6013104383576093269

188 James the Poker (level 5, -1/45 HPs)
             Began as a Minotaur Fighter on Feb 4, 2024.
             Killed by nerve-wracking pain
             ... invoked by Grinder
              (13 damage)
             ... while paralysed by Grinder
             ... on level 3 of the Dungeon.
             The game lasted 00:04:30 (2814 turns).

James the Poker (Minotaur Fighter)                  Turns: 2814, Time: 00:04:31

Health: -1/45      AC: 13    Str: 22    XL:     5   Next: 39%
Magic:  4/4        EV:  2    Int: 14    God:
Gold:   124        SH:  0    Dex: 10    Spells: 4/4 levels left

rFire   x . .        a - +0 trident
rCold   . . .        c - +0 buckler
rNeg    . . .        u - +0 chain mail
rPois   +            (helmet restricted)
rElec   .            (no cloak)
rCorr   .            (no gloves)
SInv    .            (no boots)
Will    .....        q - amulet of reflection Stlth
                     l - +6 ring of intelligence
HPRegen 0.27/turn    z - ring "Eduoc" {rPois rF- AC+4 Int+3 Stlth+}
MPRegen 0.09/turn

%: reflection
@: paralysed
A: horns 2, retaliatory headbutt
a: no special abilities


You were on level 3 of the Dungeon.
You visited 1 branch of the dungeon, and saw 3 of its levels.

You collected 124 gold pieces.

Inventory:

Hand Weapons
 a - a +0 trident (weapon)
 b - a +0 sling
   (You found it on level 1 of the Dungeon)
 m - a +1 dagger of holy wrath
   (You took it off a goblin on level 1 of the Dungeon)
 x - a +0 short sword of venom
   (You took it off a kobold on level 3 of the Dungeon)
Missiles
 e - 31 stones (quivered)
 p - 10 poisoned darts
Armour
 c - a +0 buckler (worn)
 f - a +0 scale mail
 i - a +0 leather armour
   (You found it on level 1 of the Dungeon)
 n - a +0 animal skin
   (You took it off Robin on level 1 of the Dungeon)
 s - a +0 plate armour
   (You found it on level 2 of the Dungeon)
 t - a +0 robe
   (You found it on level 2 of the Dungeon)
 u - a +0 chain mail (worn)
   (You found it on level 2 of the Dungeon)
 v - a +0 leather armour
   (You found it on level 3 of the Dungeon)
 y - a +0 plate armour
   (You found it on level 3 of the Dungeon)
Jewellery
 l - a +6 ring of intelligence (left hand)
   (You found it on level 2 of the Dungeon)
 o - a ring of ice
   (You took it off a goblin on level 2 of the Dungeon)
 q - an amulet of reflection (around neck)
   (You found it on level 2 of the Dungeon)
 z - the ring "Eduoc" (right hand) {rPois rF- AC+4 Int+3 Stlth+}
   (You found it on level 3 of the Dungeon)

   [ring of protection]

   AC+4:      It affects your AC (+4).
   Int+3:     It affects your intelligence (+3).
   rF-:       It makes you vulnerable to fire.
   rPois:     It protects you from poison Stlth+: It makes you more stealthy.
Talismans
 k - a talisman of death
   (You found it on level 1 of the Dungeon)
Scrolls
 g - 2 scrolls of identify {unknown}
 j - a scroll of amnesia {unknown}
 A - a scroll of revelation {unknown}
Potions
 d - a potion of might
 h - a potion of attraction {unknown}
 r - a potion of enlightenment {unknown}
 w - a potion of mutation {unknown}


   Skills:
 - Level 3.6 Fighting
 + Level 6.9 Polearms
 - Level 3.6 Armour
 - Level 3.6 Shields


You had 4 spell levels left.
You didn't know any spells.
Your spell library contained the following spells:

 Spells                   Type           Power      Damage    Failure   Level
 Sandblast                Erth           0%         2d4       92%         1
 Ensorcelled Hibernation  Hex/Ice        0%         N/A       98%         2
 Passwall                 Erth           0%         N/A       100%        3
 Stone Arrow              Conj/Erth      0%         3d7       100%        3
 Swiftness                Air            0%         N/A       100%        3
 Brom's Barrelling Bould  Conj/Erth      0%         2d3       100%        4


Dungeon Overview and Level Annotations

Branches:
Dungeon (3/15)

Altars:

Annotations:
D:3 Grinder


Innate Abilities, Weirdness & Mutations

You have a pair of horns on your head.
You reflexively headbutt those who attack you in melee.


Message History

Grinder gestures at you.
You suddenly lose the ability to move!
You can move again.
Unknown command.
Unknown command.
You barely miss Grinder. Grinder gestures at you.
You barely resist. You closely miss Grinder. Grinder gestures at you.
Pain shoots through your body!
Unknown command.
You hit Grinder. Your headbutt misses Grinder. Grinder misses you.
You barely miss Grinder. Your headbutt misses Grinder.
Grinder completely misses you.
You closely miss Grinder. Your headbutt misses Grinder.
Grinder closely misses you.
You puncture Grinder! You block Grinder's attack.
You hit Grinder but do no damage. You headbutt Grinder.
Grinder closely misses you.
You hit Grinder. Grinder hits you.
You writhe in agony.
You hit Grinder but do no damage. You headbutt Grinder.
Grinder hits you but does no damage.
You hit Grinder. You block Grinder's attack.
You hit Grinder but do no damage. You block Grinder's attack.
You barely miss Grinder. Your headbutt misses Grinder.
You block Grinder's attack.
You closely miss Grinder. You block Grinder's attack.
You hit Grinder but do no damage. Grinder hits you.
You writhe in agony.
You hit Grinder but do no damage. Grinder hits you.
You writhe in agony.
You hit Grinder. You block Grinder's attack.
You hit Grinder. Grinder gestures at you. Pain shoots through your body!
* * * LOW HITPOINT WARNING * * *
You hit Grinder. Grinder gestures at you.
You suddenly lose the ability to move!
Grinder hits you.
* * * LOW HITPOINT WARNING * * *
You writhe in agony.
* * * LOW HITPOINT WARNING * * *
Grinder hits you.
* * * LOW HITPOINT WARNING * * *
You writhe in agony.
* * * LOW HITPOINT WARNING * * *
Grinder gestures at you. Pain shoots through your body!
You die...
Grinder sighs, "Dead already?
I want a refund."

#.###.###.####.# #.#...... #.#
#.###.# #.# #.#.##.#.
####.###...#.# #.# #.#.##.#.
#........#.#.####.####.#.##.#.
########.#.#..................
#............##.#.##.#.#....#.
##.####....#.##.#.#...........
#.# #....#.##.#.#..#........
#.# #.>...5@..............##
##.####..#.####.#.###.....#...
#.....#.........#.............
#####5#...............###.##..
#...#.#.###############.#.# .
##..#.#..........# #...#.##
#..#.##########.# #.#....#
##..#.# #.# #.###..# #.....#
#.# #......#


You could see Grinder.

Vanquished Creatures
  Natasha (thrice) (D:2)
  Robin (D:1)
  2 adders (D:2)
  2 dart slugs
  A ribbon worm (D:3)
  An orc (D:3)
  5 bats
  11 endoplasms
  A giant cockroach (D:1)
  14 goblins
  6 hobgoblins
  2 jackals (D:1)
  9 kobolds
  3 quokkas
  3 ball pythons
  3 frilled lizards (D:1)
  6 rats
73 creatures vanquished.

Notes
Turn   | Place    | Note
-------+----------+-------------------------------------------
     0 | D:1      | James the Minotaur Fighter began the quest for the Orb.
     0 | D:1      | Reached XP level 1. HP: 19/19 MP: 0/0
   421 | D:1      | Reached skill level 3 in Polearms
   439 | D:1      | Reached XP level 2. HP: 26/26 MP: 1/1
   788 | D:1      | Reached skill level 4 in Polearms
   981 | D:1      | Reached XP level 3. HP: 31/31 MP: 2/2
  1148 | D:2      | Identified the +0 helmet of the Sea {^Contam rElec rPois
                  | Int+4}
  1148 | D:2      | Noticed Robin
  1206 | D:1      | Killed Robin
  1276 | D:2      | Reached skill level 5 in Polearms
  1724 | D:2      | Reached XP level 4. HP: 39/39 MP: 3/3
  1827 | D:2      | Noticed Natasha
  1830 | D:2      | Killed Natasha
  1849 | D:2      | Noticed Natasha
  1855 | D:2      | Killed Natasha
  1856 | D:2      | Reached skill level 6 in Polearms
  2002 | D:2      | Noticed Natasha
  2009 | D:2      | Killed Natasha
  2010 | D:2      | Reached XP level 5. HP: 38/45 MP: 4/4
  2279 | D:2      | Found a faded altar of an unknown god.
  2381 | D:3      | Noticed Grinder
  2645 | D:3      | Identified the ring "Eduoc" {rPois rF- AC+4 Int+3 Stlth+}
  2790 | D:3      | Paralysed by Grinder for 4 turns
  2811 | D:3      | Paralysed by Grinder for 4 turns
  2814 | D:3      | Killed from afar by Grinder

Illustrated notes

Levels and vault maps discovered:
D:1:      dpeg_arrival_signposts, layout_loops_corners, kennysheep_pointless_box
D:2:      layout_basic, hellmonk_ecumenical_altar_inner_sanctum,
          wad_floor_pattern_2, uniq_robin, uniq_natasha
D:3:      layout_basic, minmay_randomly_rotated_circles, uniq_grinder

Skill      XL: |  1  2  3  4 |
---------------+-------------+-----
Polearms       | 3 4 5 6 |  6.9
Fighting       | |  3.6
Armour         | |  3.6
Shields        | |  3.6

Action                     |  1- 3 |  4- 6 || total
---------------------------+-------+-------++-------
  Melee: Trident           |   101 |    81 ||   182
         Headbutt          |    10 |     9 ||    19
 Armour: Scale mail        |    45 |     4 ||    49
         Chain mail        |       |    23 ||    23
  Dodge: Dodged            |    36 |    21 ||    57
  Block: Buckler           |    12 |    21 ||    33
         Reflection        |       |     1 ||     1
